[Event "ICCopen2016"]
[Site "Internet Chess Club"]
[Date "2016.06.03"]
[Round "6"]
[White "josper05"]
[Black "cloak1"]
[Result "0-1"]
[ICCResult "White resigns"]
[WhiteElo "1476"]
[BlackElo "1786"]
[Opening "English: Neo-Catalan accepted"]
[ECO "A13"]
[NIC "RE.10"]
[Time "19:56:37"]
[TimeControl "180+0"]

1. c4 Nf6 2. g3 e6 3. Bg2 d5 4. Nf3 dxc4 5. Na3 Bxa3 6. bxa3 O-O 7. Bb2 c6
8. Qc2 b5 9. Ne5 Bd7 10. Nxc4 bxc4 11. Qxc4 Nd5 12. O-O Nb6 13. Qc3 f6 14.
Rac1 Na4 15. Qb3 Nxb2 16. Qxb2 Qb6 17. Qc2 Na6 18. Qd3 Rad8 19. Qd6 Qc7 20.
Qd3 Bc8 21. Qb3 c5 22. e3 Qb6 23. Qc2 Qa5 24. Qb2 Qxd2 25. Rc2 Qd6 26. Rfc1
Bd7 27. Qb7 Rb8 28. Qxa6 Qxa6 29. Rxc5 Rbc8 30. Rxc8 Rxc8 31. Rxc8+ Qxc8
{White resigns}
0-1

[Event "ICCopen2016"]
[Site "Internet Chess Club"]
[Date "2016.06.03"]
[Round "6"]
[White "luckypawns"]
[Black "oriGinal"]
[Result "1-0"]
[ICCResult "Black resigns"]
[WhiteElo "1593"]
[BlackElo "1811"]
[Opening "Scandinavian (center counter) defense"]
[ECO "B01"]
[NIC "VO.17"]
[Time "19:56:38"]
[TimeControl "180+0"]

1. e4 d5 2. d3 dxe4 3. Nd2 exd3 4. Bxd3 Nc6 5. Ngf3 Nb4 6. Bc4 e6 7. a3 Nc6
8. Kf1 Nf6 9. g3 Bc5 10. Kg2 e5 11. Nb3 Bb6 12. Qxd8+ Kxd8 13. Bxf7 Ke7 14.
Bc4 Bg4 15. Re1 e4 16. Ng5 e3 17. Bxe3 Bxe3 18. Rxe3+ Kd7 19. f3 Bf5 20. g4
Bg6 21. Rd1+ Kc8 22. Nc5 Re8 23. Rxe8+ Bxe8 24. Nge6 g6 25. Ng7 Ne5 26. Be6+
Bd7 27. Bxd7+ Nexd7 28. g5 Nxc5 29. gxf6 Ne6 30. Nxe6 b6 31. Rd8+ Kb7 32.
Rxa8 Kxa8 33. f7 Kb7 34. f8=Q h5 35. Qe7 h4 36. Qxc7+ Ka6 37. b4 h3+ 38.
Kxh3 {Black resigns} 1-0

[Event "ICCopen2016"]
[Site "Internet Chess Club"]
[Date "2016.06.03"]
[Round "6"]
[White "darthvader"]
[Black "HouseOfFun"]
[Result "0-1"]
[ICCResult "White forfeits on time"]
[WhiteElo "1866"]
[BlackElo "2455"]
[Opening "Queen's pawn game"]
[ECO "D02"]
[NIC "QP.08"]
[Time "19:55:28"]
[TimeControl "180+0"]

1. d4 d5 2. Nf3 Bf5 3. e3 e6 4. c4 Nc6 5. Nc3 Nb4 6. e4 dxe4 7. Qa4+ c6 8.
c5 a5 9. a3 Nd5 10. Nxd5 exd5 11. Nd2 Nf6 12. Be2 Be7 13. O-O O-O 14. Re1
Re8 15. Nf1 h6 16. Bf4 Qd7 17. h3 Bd8 18. Ne3 Be6 19. b4 Bc7 20. Bxc7 Qxc7
21. b5 Reb8 22. Rab1 Bd7 23. Rb2 b6 24. Reb1 bxc5 25. dxc5 cxb5 26. Bxb5
Qxc5 27. Rc2 Bxb5 28. Rxc5 Bxa4 29. Rxb8+ Rxb8 30. Nxd5 Nxd5 31. Rxd5 Bb5
32. a4 Bxa4 33. Rxa5 Bc2 34. Re5 Bd3 35. Kh2 Kf8 36. Kg3 f6 37. Rd5 Kf7 38.
Kf4 g5+ 39. Kg4 Kg6 {White forfeits on time} 0-1

[Event "ICCopen2016"]
[Site "Internet Chess Club"]
[Date "2016.06.03"]
[Round "6"]
[White "RonJB"]
[Black "Panesso"]
[Result "0-1"]
[ICCResult "White resigns"]
[WhiteElo "1639"]
[BlackElo "2218"]
[Opening "Queen's pawn game, Chigorin variation"]
[ECO "D02"]
[NIC "QP.08"]
[Time "19:56:49"]
[TimeControl "180+0"]

1. d4 d5 2. Nf3 Nc6 3. c3 Bg4 4. Bf4 Bxf3 5. gxf3 e6 6. e4 dxe4 7. fxe4 Qh4
8. Qf3 Nf6 9. Bg2 e5 10. dxe5 Nd7 11. e6 fxe6 12. Bxc7 Nde5 13. Bxe5 Nxe5
14. Qe2 O-O-O 15. Nd2 Nd3+ 16. Kf1 Bc5 17. Nf3 Qxf2+ 18. Qxf2 Nxf2 19. b4
Bb6 20. Rg1 Nxe4 21. Rh1 Kb8 22. a4 a6 23. Ne5 Rhf8+ 24. Bf3 Nd2+ 25. Ke2
Bc7 26. Rad1 Bxe5 27. Rxd2 Rxd2+ 28. Kxd2 Rxf3 {White resigns} 0-1

[Event "ICCopen2016"]
[Site "Internet Chess Club"]
[Date "2016.06.03"]
[Round "6"]
[White "Ohanessian"]
[Black "born2die"]
[Result "1-0"]
[ICCResult "Black resigns"]
[WhiteElo "2193"]
[BlackElo "1765"]
[Opening "Scandinavian (center counter) defense"]
[ECO "B01"]
[NIC "SD.01"]
[Time "19:56:01"]
[TimeControl "180+0"]

1. e4 d5 2. exd5 Qxd5 3. Nc3 Qa5 4. d4 c6 5. Bc4 Nf6 6. Bd2 Bg4 7. f3 Bh5 8.
Nd5 Qd8 9. Nxf6+ exf6 10. Qe2+ Qe7 11. O-O-O Qxe2 12. Nxe2 Bd6 13. g4 Bg6
14. h4 h5 15. g5 fxg5 16. hxg5 Nd7 17. Nf4 Bf5 18. Nxh5 Kf8 19. Nf6 Rxh1 20.
Nxd7+ Ke7 21. Rxh1 Bxd7 22. g6 Be6 23. Bg5+ f6 24. Re1 fxg5 25. Rxe6+ Kd7
26. Re4 Rf8 27. Bf7 Rh8 28. Kd2 Rh2+ 29. Kd3 Rf2 30. Be6+ Kc7 31. Bg4 b6 32.
Re8 c5 33. Rg8 cxd4 34. Rxg7+ Kc6 35. Rf7 Be5 36. g7 Bxg7 37. Rxg7 Rf1 38.
Rxg5 Ra1 39. Kxd4 Rxa2 40. Rg6+ Kb5 41. Kc3 Ra4 42. Bd7+ {Black resigns} 1-0

[Event "ICCopen2016"]
[Site "Internet Chess Club"]
[Date "2016.06.03"]
[Round "6"]
[White "depressnyak"]
[Black "OparinGrigoriy"]
[Result "1-0"]
[ICCResult "Black resigns"]
[WhiteElo "3217"]
[BlackElo "2851"]
[Opening "Sicilian"]
[ECO "B50"]
[NIC "SI.01"]
[Time "19:56:13"]
[TimeControl "180+0"]

1. e4 c5 2. Nf3 d6 3. c3 Nf6 4. g3 g6 5. Bg2 Bg7 6. O-O O-O 7. Re1 Nc6 8. d3
e5 9. a3 h6 10. b4 b6 11. b5 Ne7 12. c4 Bg4 13. h3 Bxf3 14. Qxf3 Ne8 15. Nc3
Nc7 16. h4 Ne6 17. h5 Nd4 18. Qd1 a6 19. hxg6 fxg6 20. Be3 Qd7 21. bxa6 Rxa6
22. Bxd4 cxd4 23. Nd5 Nxd5 24. exd5 h5 25. Be4 Qf7 26. Rf1 Bh6 27. Kg2 Kg7
28. a4 Qa7 29. Rh1 Qd7 30. Bxg6 Qg4 31. Qxg4 hxg4 32. Be4 Rfa8 33. Rh4 Rxa4
34. Rah1 Rh8 35. Rxg4+ Kf8 36. Rg6 Bg7 37. Rxh8+ Bxh8 38. Rxd6 Rb4 39. Rd8+
Kg7 40. d6 b5 41. c5 {Black resigns} 1-0

[Event "ICCopen2016"]
[Site "Internet Chess Club"]
[Date "2016.06.03"]
[Round "6"]
[White "Taechess"]
[Black "FlashGordon"]
[Result "1-0"]
[ICCResult "Black checkmated"]
[WhiteElo "1341"]
[BlackElo "1448"]
[Opening "Sicilian: Grand Prix attack"]
[ECO "B23"]
[NIC "SI.44"]
[Time "19:56:24"]
[TimeControl "180+0"]

1. e4 c5 2. Nc3 Nc6 3. f4 e6 4. Nf3 a6 5. d4 cxd4 6. Nxd4 Nge7 7. Be2 Nxd4
8. Qxd4 Nc6 9. Qf2 Be7 10. O-O b5 11. Be3 Bb7 12. Bb6 Qc8 13. Rad1 b4 14.
Na4 O-O 15. Be3 Na5 16. Nb6 Qc6 17. Nxa8 Bxa8 18. Bd3 Nc4 19. Bd4 f5 20.
exf5 exf5 21. Qg3 Bh4 22. Qxg7# {Black checkmated} 1-0

[Event "ICCopen2016"]
[Site "Internet Chess Club"]
[Date "2016.06.03"]
[Round "6"]
[White "Astaneh"]
[Black "SCORPION83"]
[Result "0-1"]
[ICCResult "White resigns"]
[WhiteElo "2739"]
[BlackElo "3021"]
[Opening "Queen's pawn game"]
[ECO "E10"]
[NIC "QI.01"]
[Time "19:55:32"]
[TimeControl "180+0"]

1. d4 Nf6 2. c4 e6 3. Nf3 d5 4. Qc2 c5 5. cxd5 exd5 6. dxc5 Na6 7. Be3 Bd7
8. Nbd2 Nxc5 9. Bxc5 Rc8 10. b4 b6 11. Nb3 bxc5 12. Nxc5 Bxc5 13. bxc5 Ne4
14. e3 Qa5+ 15. Nd2 Rxc5 16. Qb2 O-O 17. f3 Nc3 18. Nb3 Qb4 19. Qd2 Rc7 20.
Rc1 Rfc8 21. Bd3 Ba4 22. O-O Bxb3 23. axb3 Ne2+ 24. Qxe2 Rxc1 25. Rxc1 Rxc1+
26. Kf2 Qxb3 27. Qd2 Qc3 28. Qe2 a5 29. f4 a4 30. f5 h6 {White resigns} 0-1

[Event "ICCopen2016"]
[Site "Internet Chess Club"]
[Date "2016.06.03"]
[Round "6"]
[White "catman"]
[Black "Mercury"]
[Result "0-1"]
[ICCResult "White resigns"]
[WhiteElo "1767"]
[BlackElo "2345"]
[Opening "King's Indian: Sämisch, 5...O-O"]
[ECO "E81"]
[NIC "KI.49"]
[Time "19:55:34"]
[TimeControl "180+0"]

1. d4 Nf6 2. c4 g6 3. Nc3 Bg7 4. e4 d6 5. f3 O-O 6. Bg5 c5 7. d5 e6 8. Qd2
exd5 9. cxd5 Re8 10. Nge2 Nbd7 11. Nc1 a6 12. a4 Rb8 13. Be2 Ne5 14. O-O Qc7
15. h3 c4 16. f4 Ned7 17. Kh1 Nxe4 18. Nxe4 Rxe4 19. Bf3 c3 20. bxc3 Bxc3
21. Qd1 Rd4 22. Qc2 Rc4 23. Ra2 Bg7 24. Qd2 Nf6 25. f5 Bxf5 26. Be2 Ne4 27.
Qf4 Be5 28. Qh4 Ng3+ 29. Qxg3 Bxg3 30. Bxc4 Qxc4 {White resigns} 0-1

[Event "ICCopen2016"]
[Site "Internet Chess Club"]
[Date "2016.06.03"]
[Round "6"]
[White "ChessHouston"]
[Black "inoahlot"]
[Result "1-0"]
[ICCResult "Black resigns"]
[WhiteElo "1836"]
[BlackElo "1323"]
[Opening "Carr's defense"]
[ECO "B00"]
[NIC "VO.17"]
[Time "19:56:11"]
[TimeControl "180+0"]

1. e4 h6 2. Nf3 g6 3. Bc4 e6 4. Nc3 d6 5. O-O Bd7 6. Re1 a6 7. d4 Nc6 8. Bf4
g5 9. Bg3 g4 10. Nh4 h5 11. Nf5 exf5 12. exf5+ Be7 13. Bh4 b5 14. Bd5 Rb8
15. f6 Be6 16. Bxc6+ Kf8 17. fxe7+ Nxe7 18. d5 Qc8 19. Bxe7+ Kxe7 20. dxe6
fxe6 21. Nd5+ Kf7 22. Qd4 e5 23. Qe4 Rh6 24. Re3 Rb6 25. Nf4 exf4 26. Qe7+
Kg8 27. Bd5+ Kh8 28. Re6 Rxe6 29. Bxe6 Qg8 30. Bxg8 {Black resigns} 1-0

[Event "ICCopen2016"]
[Site "Internet Chess Club"]
[Date "2016.06.03"]
[Round "6"]
[White "PaYbAcK"]
[Black "faust"]
[Result "0-1"]
[ICCResult "White resigns"]
[WhiteElo "2766"]
[BlackElo "3240"]
[Opening "Sicilian: Najdorf, 7.f4"]
[ECO "B96"]
[NIC "SI.04"]
[Time "19:55:38"]
[TimeControl "180+0"]

1. e4 c5 2. Nf3 d6 3. d4 cxd4 4. Nxd4 Nf6 5. Nc3 a6 6. Bg5 e6 7. f4 h6 8.
Bh4 Qb6 9. Qd2 Qxb2 10. Rb1 Qa3 11. e5 dxe5 12. fxe5 g5 13. exf6 gxh4 14.
Be2 Qa5 15. O-O Nd7 16. Qe3 Qg5 17. Qf2 Nc5 18. Rbd1 Bd7 19. Kh1 h3 20. Bf3
hxg2+ 21. Bxg2 Rg8 22. Rg1 Qh5 23. Qf4 Rg4 24. Qf3 Rh4 25. Qxh5 Rxh5 26. Nb3
O-O-O 27. Ne4 Nxb3 28. axb3 Bc6 29. Rxd8+ Kxd8 30. c4 Kc7 31. Ng3 Re5 32.
Bxc6 Kxc6 33. Rd1 Bd6 34. Rd4 Re3 35. Nh5 Rxb3 36. Rg4 a5 37. Rg7 a4 38. c5
a3 39. Rg1 Bxc5 40. Rc1 a2 41. Kg2 Rb1 {White resigns} 0-1

[Event "ICCopen2016"]
[Site "Internet Chess Club"]
[Date "2016.06.03"]
[Round "6"]
[White "Grann"]
[Black "JUGGERNOT"]
[Result "0-1"]
[ICCResult "White resigns"]
[WhiteElo "1496"]
[BlackElo "1845"]
[Opening "Scandinavian: Marshall variation"]
[ECO "B01"]
[NIC "SD.03"]
[Time "19:55:44"]
[TimeControl "180+0"]

1. e4 d5 2. exd5 Nf6 3. d4 Nxd5 4. c4 Nf6 5. Nf3 Bg4 6. Be2 c6 7. O-O e6 8.
Nc3 Be7 9. Qb3 Qc8 10. Be3 O-O 11. Rac1 Nbd7 12. d5 exd5 13. cxd5 Nc5 14.
Bxc5 Bxc5 15. dxc6 bxc6 16. Na4 Bd6 17. Rfd1 Qc7 18. h3 Bh5 19. Nc5 Bf4 20.
Na6 Qc8 21. Rc5 Bg6 22. Qa4 Be4 23. Nd4 Bd6 24. Rcc1 c5 25. Nb5 Bf4 26. Rxc5
Qe6 27. Nac7 Bxc7 28. Nxc7 Qe7 {White resigns} 0-1

[Event "ICCopen2016"]
[Site "Internet Chess Club"]
[Date "2016.06.03"]
[Round "6"]
[White "Bozhenka"]
[Black "jefferyx"]
[Result "1-0"]
[ICCResult "Black forfeits on time"]
[WhiteElo "3027"]
[BlackElo "2749"]
[Opening "Polish defense"]
[ECO "A40"]
[NIC "QO.17"]
[Time "19:55:27"]
[TimeControl "180+0"]

1. d4 b5 2. e4 a6 3. Nf3 Bb7 4. Bd3 e6 5. O-O Nf6 6. Re1 d5 7. e5 Nfd7 8.
Ng5 g6 9. Qg4 Qe7 10. c3 c5 11. Nxh7 cxd4 12. Bg5 Qc5 13. Nxf8 Nxf8 14. cxd4
Qb4 15. Nd2 Nc6 16. Nb3 a5 17. Qf4 Nd7 18. Rec1 a4 19. Nc5 Nxc5 20. Rxc5
Qxd4 21. Qxd4 Nxd4 22. Be3 Nf5 23. Bxb5+ Kf8 24. Bg5 Nd4 25. Bf6 Rh5 26.
Rac1 Kg8 27. Bd3 {Black forfeits on time} 1-0

[Event "ICCopen2016"]
[Site "Internet Chess Club"]
[Date "2016.06.03"]
[Round "6"]
[White "Sam08"]
[Black "eltigrecu"]
[Result "0-1"]
[ICCResult "White resigns"]
[WhiteElo "2456"]
[BlackElo "2111"]
[Opening "QGD Slav: Krause attack"]
[ECO "D17"]
[NIC "SL.04"]
[Time "19:55:28"]
[TimeControl "180+0"]

1. d4 d5 2. c4 c6 3. Nf3 Nf6 4. Nc3 dxc4 5. a4 Bf5 6. Ne5 Nbd7 7. Nxc4 e6 8.
f3 Bb4 9. Kf2 O-O 10. e4 Bxc3 11. bxc3 Bxe4 12. fxe4 Nxe4+ 13. Kg1 Nxc3 14.
Qe1 Nd5 15. Ba3 Re8 16. Nd6 Qb6 17. Qf2 N7f6 18. Nxe8 Ne4 19. Qb2 Rxe8 20.
Qxb6 axb6 21. Bd3 Nec3 22. Bb2 Rd8 23. a5 b5 24. a6 bxa6 25. Rxa6 Nb4 26.
Bxc3 Nxa6 27. Kf2 Nc7 28. Ra1 Nd5 29. Bd2 g6 30. Rc1 Rd6 31. Bh6 Nb4 32. Ke3
Nd5+ 33. Kd2 f5 34. Ra1 Nb6 35. Ra6 Na4 36. Be3 f4 37. Bxf4 Rxd4 38. Ke3
Rxd3+ 39. Kxd3 Nc5+ 40. Kd4 Nxa6 41. Be5 Kf7 42. g4 Ke7 43. h4 h5 44. gxh5
gxh5 45. Bh8 c5+ 46. Kc3 Kd6 47. Bf6 Kd5 48. Bg5 b4+ 49. Kb3 c4+ 50. Ka4 Kd4
51. Bf6+ e5 52. Kb5 b3 {White resigns} 0-1

[Event "ICCopen2016"]
[Site "Internet Chess Club"]
[Date "2016.06.03"]
[Round "6"]
[White "MasterZachary"]
[Black "Shafkat"]
[Result "0-1"]
[ICCResult "White checkmated"]
[WhiteElo "2158"]
[BlackElo "1681"]
[Opening "Ruy Lopez: Schliemann defense, Berger variation"]
[ECO "C63"]
[NIC "RL.06"]
[Time "19:55:28"]
[TimeControl "180+0"]

1. e4 e5 2. Nf3 Nc6 3. Bb5 f5 4. Nc3 fxe4 5. Nxe4 d5 6. Nxe5 dxe4 7. Nxc6
Qg5 8. Nxa7+ c6 9. Qe2 Rxa7 10. Qxe4+ Ne7 11. d4 Qxb5 12. a4 Qd5 13. f3
Qxe4+ 14. fxe4 Be6 15. Be3 Ra8 16. O-O g6 17. Rfe1 Bg7 18. Bg5 h6 19. Bxe7
Kxe7 20. d5 Bd7 21. c3 Rhf8 22. Red1 Rf4 23. Re1 Raf8 24. Rad1 Bg4 25. d6+
Kd7 26. Rd2 h5 27. h3 Be6 28. e5 Bh6 29. b4 Rf1+ 30. Rxf1 Rxf1+ 31. Kxf1
Bxd2 32. Ke2 Bxc3 33. Kf3 Bxb4 34. Kf4 Bc3 35. Kg5 Bxe5 36. Kxg6 Bxd6 37.
Kxh5 Bb3 38. g4 c5 39. g5 Be5 40. Kg6 c4 41. h4 c3 42. Kf5 Bh8 43. h5 c2 44.
Kg6 c1=Q 45. a5 Qc6+ 46. Kh7 Bc2+ 47. g6 Bxg6+ 48. hxg6 Bf6 49. a6 Qxa6 50.
Kg8 Qe6+ 51. Kh7 Qe7+ 52. Kh6 Qe4 53. Kh7 Qh4+ 54. Kg8 Qh8+ 55. Kf7 Qg7#
{White checkmated}
0-1

[Event "ICCopen2016"]
[Site "Internet Chess Club"]
[Date "2016.06.03"]
[Round "6"]
[White "orangeC"]
[Black "baconwithfries"]
[Result "1-0"]
[ICCResult "Black resigns"]
[WhiteElo "1629"]
[BlackElo "1324"]
[Opening "French: King's Indian attack"]
[ECO "C00"]
[NIC "FR.02"]
[Time "19:56:08"]
[TimeControl "180+0"]

1. e4 e6 2. d3 d5 3. Nd2 Nc6 4. Ngf3 Be7 5. g3 e5 6. Bg2 d4 7. O-O Nf6 8.
Nc4 Bg4 9. h3 Bxf3 10. Bxf3 O-O 11. Bg2 b5 12. Na3 Bxa3 13. bxa3 Qe7 14. Rb1
a6 15. f4 Nd7 16. f5 b4 17. axb4 Nxb4 18. a3 Nc6 19. Qg4 f6 20. Qh5 Nb6 21.
g4 Rfb8 22. g5 Na4 23. Rxb8+ Rxb8 24. gxf6 gxf6 25. Bh6 Nc3 26. Rf3 Rb1+ 27.
Kh2 {Black resigns} 1-0

[Event "ICCopen2016"]
[Site "Internet Chess Club"]
[Date "2016.06.03"]
[Round "6"]
[White "SurferRosa"]
[Black "soumyat"]
[Result "1-0"]
[ICCResult "Black resigns"]
[WhiteElo "2457"]
[BlackElo "2043"]
[Opening "Sicilian: Labourdonnais-Löwenthal (Kalashnikov) variation"]
[ECO "B32"]
[NIC "SI.32"]
[Time "19:55:45"]
[TimeControl "180+0"]

1. e4 c5 2. Nf3 Nc6 3. d4 cxd4 4. Nxd4 e5 5. Nb5 d6 6. N1c3 a6 7. Na3 b5 8.
Nd5 Be7 9. Be3 Rb8 10. Be2 Nf6 11. Nxf6+ Bxf6 12. O-O O-O 13. c4 b4 14. Nc2
Be6 15. b3 a5 16. Qd2 Qc7 17. Rad1 Rfd8 18. Bg5 Bxg5 19. Qxg5 a4 20. Rd3
axb3 21. axb3 f6 22. Qh4 f5 23. Ne3 f4 24. Nd5 Qb7 25. Bg4 Nd4 26. Bxe6+
Nxe6 27. Rh3 h6 28. Qg4 Qf7 29. Rxh6 Nd4 30. Rg6 f3 31. g3 Rb7 32. h4 Kf8
33. h5 Qd7 34. Qh4 Qf7 35. Qxd8+ {Black resigns} 1-0

[Event "ICCopen2016"]
[Site "Internet Chess Club"]
[Date "2016.06.03"]
[Round "6"]
[White "afgano45"]
[Black "pagoda"]
[Result "1-0"]
[ICCResult "Black checkmated"]
[WhiteElo "1837"]
[BlackElo "1897"]
[Opening "Pirc: Ufimtsev-Pytel variation"]
[ECO "B07"]
[NIC "PU.08"]
[Time "19:56:58"]
[TimeControl "180+0"]

1. e4 d6 2. d4 Nf6 3. Nc3 c6 4. Nf3 Bg4 5. Be2 e6 6. O-O Bxf3 7. Bxf3 d5 8.
Re1 Be7 9. Qd3 O-O 10. e5 Nfd7 11. Nd1 c5 12. c3 cxd4 13. cxd4 Nc6 14. a3
Rc8 15. Be3 Nb6 16. b3 a5 17. Nb2 a4 18. Nxa4 Nxa4 19. bxa4 Na5 20. Rab1 Rc7
21. Bd2 Nc4 22. Bb4 Qd7 23. Bd1 Rfc8 24. a5 Ra8 25. Bc2 g6 26. g3 Nxa5 27.
h4 Nc4 28. h5 Rc6 29. Rb3 Rca6 30. hxg6 hxg6 31. Kg2 Bxb4 32. axb4 Ra2 33.
Bb1 Rd2 34. Qf3 Rxd4 35. Rh1 Kg7 36. Qf6+ Kf8 37. Rh8# {Black checkmated}
1-0

[Event "ICCopen2016"]
[Site "Internet Chess Club"]
[Date "2016.06.03"]
[Round "6"]
[White "wmanthony"]
[Black "HPG1947"]
[Result "0-1"]
[ICCResult "White forfeits on time"]
[WhiteElo "1370"]
[BlackElo "1592"]
[Opening "Pirc defense"]
[ECO "B07"]
[NIC "PU.08"]
[Time "19:55:44"]
[TimeControl "180+0"]

1. e4 d6 2. d4 Nf6 3. Nc3 Nbd7 4. f4 e5 5. fxe5 dxe5 6. d5 Bc5 7. Be2 c6 8.
Nf3 Qb6 9. Rf1 Ng4 10. Na4 Bf2+ 11. Rxf2 Qxf2+ 12. Kd2 Qe3+ 13. Ke1 Qxe4 14.
Nc3 Qb4 15. h3 Ngf6 16. a3 Qb6 17. Rb1 O-O 18. Bg5 e4 19. Nd4 cxd5 20. Bxf6
Nxf6 21. Nb3 Qd6 22. Nd4 Qg3+ 23. Kf1 Bxh3 24. gxh3 Qxh3+ 25. Kg1 Qg3+ 26.
Kh1 Rae8 27. Nf5 Qh3+ 28. Kg1 Qxf5 29. Qd2 Re5 30. Rf1 Qh3
{White forfeits on time}
0-1

[Event "ICCopen2016"]
[Site "Internet Chess Club"]
[Date "2016.06.03"]
[Round "6"]
[White "Bessel"]
[Black "ciatouciso"]
[Result "0-1"]
[ICCResult "White resigns"]
[WhiteElo "2046"]
[BlackElo "1676"]
[Opening "Caro-Kann: 3.Nd2"]
[ECO "B12"]
[NIC "CK.02"]
[Time "19:56:00"]
[TimeControl "180+0"]

1. e4 c6 2. d4 d5 3. Nd2 g6 4. Ngf3 Bg7 5. Bd3 Bg4 6. O-O Nd7 7. h3 Bxf3 8.
Qxf3 dxe4 9. Nxe4 Ngf6 10. Bg5 Nxe4 11. Bxe4 Nf6 12. Rfe1 O-O 13. Rad1 h6
14. Bh4 Nxe4 15. Qxe4 Bf6 16. Bxf6 exf6 17. Qe7 Re8 18. Qxe8+ Qxe8 19. Rxe8+
Rxe8 20. Kf1 Kf8 21. Rd3 Ke7 22. Re3+ Kd7 23. Ke2 Re6 24. Kd3 Kd6 25. c4 b6
26. b4 a6 27. g4 Rxe3+ 28. fxe3 f5 29. e4 fxg4 30. c5+ bxc5 31. bxc5+ Ke6
32. hxg4 f5 33. gxf5+ gxf5 34. exf5+ Kxf5 35. d5 cxd5 36. Kd4 Ke6 37. c6 Kd6
38. c7 Kxc7 39. Kxd5 Kb6 40. Ke5 Kb5 41. Kf5 Ka4 42. Kg6 Ka3 43. Kxh6 Kxa2
44. Kg5 Kb2 45. Kf4 a5 46. Ke3 a4 47. Kd2 a3 {White resigns} 0-1

[Event "ICCopen2016"]
[Site "Internet Chess Club"]
[Date "2016.06.03"]
[Round "6"]
[White "klodshans"]
[Black "bullbuffalo"]
[Result "1-0"]
[ICCResult "Black resigns"]
[WhiteElo "1592"]
[BlackElo "1327"]
[Opening "Queen's pawn: London system"]
[ECO "A45"]
[NIC "QP.07"]
[Time "19:56:00"]
[TimeControl "180+0"]

1. d4 Nf6 2. Bf4 e6 3. e3 a6 4. Nd2 b5 5. c4 Bb7 6. cxb5 axb5 7. Ngf3 c6 8.
Be2 Be7 9. h3 c5 10. dxc5 Bxc5 11. O-O h5 12. Qb3 Qb6 13. Rfc1 Bd6 14. Bxd6
Qxd6 15. Qxb5 Ng4 16. Qxb7 Ke7 17. Ne4 Qd5 18. Qxd5 exd5 19. Nc5 Nc6 20. a3
Nf6 21. b4 Ne4 22. b5 Na5 23. Rab1 Rhc8 24. Nxe4 Rxc1+ 25. Rxc1 dxe4 26. Nd4
d5 27. a4 Kf6 28. Rc7 g6 29. b6 Rb8 30. Nc6 Rxb6 31. Nxa5 Rb1+ 32. Kh2 h4
33. Bb5 Ke5 34. Rxf7 g5 35. Nc6+ Ke6 36. Rf8 Rb2 37. Nd4+ Ke7 38. Rg8 Rxf2
39. Rxg5 Rf6 40. Rxd5 Rd6 41. Re5+ Kf6 42. Rxe4 Rxd4 43. Rxd4 Ke5 44. Rxh4
Kd6 45. a5 {Black resigns} 1-0

[Event "ICCopen2016"]
[Site "Internet Chess Club"]
[Date "2016.06.03"]
[Round "6"]
[White "ALexiz"]
[Black "DaveyJones"]
[Result "1-0"]
[ICCResult "Black forfeits on time"]
[WhiteElo "1840"]
[BlackElo "1515"]
[Opening "Dutch"]
[ECO "A87"]
[NIC "HD.06"]
[Time "19:55:52"]
[TimeControl "180+0"]

1. d4 f5 2. Nf3 g6 3. g3 Nf6 4. Bg2 Bg7 5. O-O O-O 6. c4 d6 7. Nc3 Qe8 8.
Qb3 Kh8 9. c5 e5 10. cxd6 cxd6 11. dxe5 dxe5 12. e4 fxe4 13. Ng5 Nc6 14.
Ngxe4 Nd4 15. Qd1 Rb8 16. Nd6 Qe7 17. Nxc8 Rbxc8 18. Bg5 Qb4 19. Bxf6 Bxf6
20. Nd5 Qxb2 21. Nxf6 Rxf6 22. Rb1 Qc2 23. Rxb7 Qxa2 24. Qg4 Rcf8 25. Qe4
Rxf2 26. Qxe5+ R2f6 27. Rxf6 Ne2+ 28. Qxe2 Qa1+ 29. Rf1 {Black forfeits on
time} 1-0

[Event "ICCopen2016"]
[Site "Internet Chess Club"]
[Date "2016.06.03"]
[Round "6"]
[White "Discoverchess"]
[Black "Fioro"]
[Result "1-0"]
[ICCResult "Black resigns"]
[WhiteElo "2536"]
[BlackElo "2329"]
[Opening "English: symmetrical, Botvinnik system reversed"]
[ECO "A30"]
[NIC "EO.64"]
[Time "19:56:41"]
[TimeControl "180+0"]

1. c4 c5 2. g3 Nc6 3. Bg2 e5 4. Nc3 g6 5. Nf3 Bg7 6. a3 Nge7 7. b4 Rb8 8.
bxc5 O-O 9. O-O Qa5 10. Nb5 a6 11. Nd6 Qxc5 12. Nxc8 Rbxc8 13. d3 e4 14. Be3
Qh5 15. dxe4 Bxa1 16. Qxa1 f5 17. Ne5 fxe4 18. Nxd7 Rf7 19. Nf6+ Rxf6 20.
Qxf6 Qf5 21. Qc3 Rd8 22. Bh6 Ne5 23. Kh1 N7c6 24. f4 Qh5 25. Bg5 Ng4 26. h3
Rd1 27. Rxd1 Nf2+ 28. Kg1 Nxd1 29. Qd2 h6 30. g4 {Black resigns} 1-0

[Event "ICCopen2016"]
[Site "Internet Chess Club"]
[Date "2016.06.03"]
[Round "6"]
[White "Vegita"]
[Black "maly"]
[Result "1-0"]
[ICCResult "Black resigns"]
[WhiteElo "2307"]
[BlackElo "2457"]
[Opening "Philidor's defense"]
[ECO "C41"]
[NIC "KP.10"]
[Time "19:55:49"]
[TimeControl "180+0"]

1. e4 e5 2. Nf3 d6 3. d3 Nf6 4. Nbd2 Be7 5. g3 O-O 6. Bg2 c6 7. O-O Nbd7 8.
b3 b5 9. Bb2 Re8 10. a4 bxa4 11. Rxa4 Nc5 12. Ra1 Bf8 13. d4 exd4 14. Nxd4
Bd7 15. e5 dxe5 16. Nxc6 Qc7 17. Nxe5 Rad8 18. Ndc4 Bc6 19. Bxc6 Rxd1 20.
Rfxd1 Rd8 21. Bg2 Rxd1+ 22. Rxd1 h6 23. Re1 Ncd7 24. Nc6 Bc5 25. Re2 Nf8 26.
Bc3 Ne6 27. b4 Bf8 28. Rd2 Ng5 29. Bxf6 gxf6 30. Ne3 a6 31. Rd8 Ne6 32. Nd5
Qb7 33. Rb8 {Black resigns} 1-0

[Event "ICCopen2016"]
[Site "Internet Chess Club"]
[Date "2016.06.03"]
[Round "6"]
[White "AttackSparrow"]
[Black "saya"]
[Result "0-1"]
[ICCResult "White forfeits on time"]
[WhiteElo "2282"]
[BlackElo "2866"]
[Opening "Sicilian: Alapin's variation (2.c3)"]
[ECO "B22"]
[NIC "SI.46"]
[Time "19:55:55"]
[TimeControl "180+0"]

1. e4 c5 2. c3 d6 3. d4 Nf6 4. Bd3 Nc6 5. Nf3 Bg4 6. d5 Nb8 7. h3 Bxf3 8.
Qxf3 Nbd7 9. Qe2 g6 10. O-O Bg7 11. f4 O-O 12. a4 a6 13. Na3 Rb8 14. Nc4 Re8
15. a5 Qc7 16. Kh1 e6 17. dxe6 Rxe6 18. Qf3 Rbe8 19. f5 R6e7 20. Bg5 Qc6 21.
Rae1 h6 22. Bxf6 Nxf6 23. fxg6 fxg6 24. Qg3 Nxe4 25. Qxg6 d5 26. Bxe4 Qxg6
27. Bxg6 Rxe1 28. Nd2 Rxf1+ 29. Nxf1 Re2 30. Ng3 Rxb2 31. Nf5 Bxc3 32. Ne7+
Kg7 33. Nxd5 Be5 34. Bf5 Rf2 35. g4 Ra2 36. Nb6 Rxa5 37. Nc4 Ra1+ 38. Kg2
Kf6 39. Kf3 b5 40. Nb6 Rd1 41. Ke4 Rd4+ 42. Ke3 Bf4+ 43. Kf3 Ke5 44. Nd7+
Rxd7 45. Bxd7 c4 46. Bc8 a5 47. Ba6 b4 48. Bxc4 a4 49. Bb5 a3 50. Bc4 Bc1
51. Ba2 Kd4 52. h4 Kc3 {White forfeits on time} 0-1

[Event "ICCopen2016"]
[Site "Internet Chess Club"]
[Date "2016.06.03"]
[Round "6"]
[White "MaestroASK"]
[Black "Maxbet"]
[Result "0-1"]
[ICCResult "White checkmated"]
[WhiteElo "2568"]
[BlackElo "2940"]
[Opening "Benko's opening"]
[ECO "A00"]
[NIC "VO.09"]
[Time "19:56:34"]
[TimeControl "180+0"]

1. g3 d5 2. d3 Nf6 3. Bg2 e5 4. e4 Be7 5. c3 Nc6 6. f3 O-O 7. Nd2 Be6 8. Bh3
Qd7 9. Bxe6 Qxe6 10. Kf1 Rad8 11. Kg2 Nd7 12. Nh3 Nc5 13. Nf2 f5 14. Qe2 a5
15. a4 b6 16. Re1 Rd7 17. Nf1 dxe4 18. dxe4 f4 19. Rd1 Rfd8 20. Rxd7 Rxd7
21. Qc2 Qc4 22. gxf4 Nd4 23. Qb1 Nxf3 24. Kxf3 Qxf1 25. Be3 Qxb1 26. Rxb1
exf4 27. Bxc5 Bxc5 28. Ng4 h5 29. Ne5 Rd2 30. h4 Rf2# {White checkmated} 0-1